 Dungeon Crawl Stone Soup version 0.31-a0-267-g3fc6992b3b (webtiles) character file.

Game seed: 2951906534343000951

88 qw the Shooter (level 4, 0/36 HPs)
             Began as a Minotaur Hexslinger on July 13, 2023.
             Slain by an orc wizard
             ... wielding a +0 dagger
              (3 damage)
             ... on level 6 of the Dungeon.
             The game lasted 00:00:40 (1477 turns).

qw the Shooter (Minotaur Hexslinger)                Turns: 1477, Time: 00:00:41

Health: 0/36       AC:  7    Str: 13    XL:     4   Next: 29%
Magic:  4/4        EV: 12    Int: 10    God:
Gold:   114        SH:  0    Dex: 14    Spells: 4/5 levels left

rFire   . . .        Y - +1 sling
rCold   . . .        (no shield)
rNeg    . . .        c - +0 robe
rPois   .            (helmet restricted)
rElec   .            (no cloak)
rCorr   .            j - +0 pair of gloves
SInv    .            (no boots)
Will    .....        (no amulet)
Stlth   +            e - +4 ring of protection
HPRegen 0.26/turn    (no ring)
MPRegen 0.09/turn

%: no passive effects
@: confused
A: horns 2, retaliatory headbutt
a: no special abilities


You were on level 6 of the Dungeon.
You visited 1 branch of the dungeon, and saw 4 of its levels.

You collected 114 gold pieces.


Innate Abilities, Weirdness & Mutations

You have a pair of horns on your head.
You reflexively headbutt those who attack you in melee.


   Skills:
 - Level 2.1 Fighting
 + Level 4.8 Ranged Weapons
 - Level 2.1 Dodging
 - Level 1.0 Spellcasting
 - Level 2.0 Hexes


You had 4 spell levels left.
You knew the following spells:

 Your Spells              Type           Power      Damage    Failure   Level
a - Slow                  Hex            16%        N/A       16%         1

Your spell library contained the following spells:

 Spells                   Type           Power      Damage    Failure   Level
 Inner Flame              Hex/Fire       2%         N/A       56%         3
 Portal Projectile        Hex/Tloc       4%         N/A       56%         3
 Cause Fear               Hex            2%         N/A       83%         4

Inventory:

Hand Weapons
 Y - a +1 sling (weapon)
Armour
 c - a +0 robe (worn)
 g - a +2 pair of gloves
 j - a +0 pair of gloves (worn)
Jewellery
 e - a +4 ring of protection (left hand)
Scrolls
 a - 3 scrolls of teleportation
 b - a scroll of fear {unknown}
 f - a scroll of identify {unknown}
Potions
 d - a potion of heal wounds {unknown}
 h - a potion of degeneration {unknown}

Dungeon Overview and Level Annotations

Branches:
Dungeon (6/15)
 Temple: D:4-7

Altars:


Message History

You shoot a sling bullet. The sling bullet hits the orc wizard.
The orc wizard is heavily wounded.
The orc wizard barely misses you.
You shoot a sling bullet. The sling bullet misses the orc wizard.
The orc wizard barely misses you.
The orc wizard points at you and mumbles some strange words.
The magic dart hits you.
You shoot a sling bullet.
The sling bullet hits the orc wizard but does no damage.
The orc wizard is heavily wounded.
The orc wizard gestures at you while chanting.
You are confused.
The orc wizard points at you and mumbles some strange words.
The puff of flame hits you! The orc wizard barely misses you.
The orc wizard barely misses you.
The orc wizard hits you with a +0 dagger.
The orc wizard casts a spell at you. You resist with some effort.
You feel less confused.
The orc wizard gestures wildly while chanting.
The orc wizard flickers and vanishes!
Deactivating autopickup; reactivate with Ctrl-A.
You shoot a sling bullet. Something hits you but does no damage.
You shoot a sling bullet.
You hear some strange, mumbled words.
Something tries to affect you, but you resist.
You shoot a sling bullet.
You hear some strange, mumbled words.
You are confused.
You shoot a sling bullet. Something hits you.
You shoot a sling bullet.
You hear some strange, mumbled words.
A magic dart appears from out of thin air!
The magic dart hits you!
You shoot a sling bullet. Something hits you.
You die...

..... ..# #...# ..#
#...# ..# #...# #.#
#...# ## ..# ###...###
.. #.# #...#....
.####.###.######.#:.####
..))..{@..##............
.####.###....(...#..#...
# #.##.##..#..#<##
#.##.##.[.....##
#.##...>##......
#.##........###.
#.......###.....
##.########.###. #.#
........


There were no monsters in sight!

Vanquished Creatures
  An orc wizard (D:6)
  An adder (D:2)
  A worm (D:2)
  A dart slug (D:1)
  2 orcs (D:6)
  9 ball pythons
  2 endoplasms (D:2)
  3 giant cockroaches
  5 goblins
  2 hobgoblins
  A quokka (D:1)
  9 bats
  3 frilled lizards
  9 kobolds
  6 rats
55 creatures vanquished.

Notes
Turn   | Place    | Note
-------+----------+-------------------------------------------
     0 | D:1      | qw the Minotaur Hexslinger began the quest for the Orb.
     0 | D:1      | Reached XP level 1. HP: 16/16 MP: 1/1
     0 | D:1      | 0 ||| qw: Version: 0.3-a-52-g30416fa
     0 | D:1      | 0 ||| qw: Game counter: 7759
     0 | D:1      | 0 ||| qw: Melee chars always use a shield: true
     0 | D:1      | 0 ||| qw: God list: Okawaru
     0 | D:1      | 0 ||| qw: Allow faded altars: false
     0 | D:1      | 0 ||| qw: Do Orc after clearing Dungeon:15 true
     0 | D:1      | 0 ||| qw: Do second Lair branch before Depths: true
     0 | D:1      | 0 ||| qw: Lair rune preference: random
     0 | D:1      | 0 ||| qw: Goals: Normal
     0 | D:1      | 0 ||| PLANNING D:1-11
   271 | D:1      | Reached skill level 3 in Ranged Weapons
   285 | D:1      | Reached XP level 2. HP: 23/23 MP: 2/2
   825 | D:1      | 825 ||| UPGRADING to +4 ring of protection.
   826 | D:1      | 826 ||| READING 2 scrolls labelled TEQAHE YDEUWN.
   831 | D:1      | 831 ||| DROPPING scroll of poison.
   877 | D:2      | 877 ||| STAIRDANCE
   892 | D:2      | 892 ||| STAIRDANCE
   915 | D:2      | Reached XP level 3. HP: 29/29 MP: 3/3
   979 | D:2      | Reached skill level 4 in Ranged Weapons
  1281 | D:2      | 1281 ||| DROPPING scarf of invisibility.
  1282 | D:2      | 1282 ||| UPGRADING to +0 pair of gloves.
  1287 | D:2      | 1287 ||| READING scroll labelled SITHRI WATEK.
  1288 | D:2      | 1288 ||| READING scroll labelled HUOT UFYKEISTE.
  1289 | D:2      | 1289 ||| READING scroll labelled VEDIGA YNTY.
  1313 | D:3      | 1313 ||| PLANNING SEWER
  1386 | D:3      | Reached XP level 4. HP: 36/36 MP: 4/4
  1393 | D:3      | You fall into a shaft and drop 3 floors!
  1475 | D:6      | HP: 9/36 [something (2)]
  1476 | D:6      | HP: 3/36 [something/magic dart (7)]
  1477 | D:6      | Slain by an orc wizard

Levels and vault maps discovered:
D:1:      dpeg_arrival_water_temple_mockup, layout_basic
D:2:      layout_rooms, minmay_3d_cube
D:3:      layout_basic, cheibrodos_sewer_entry_sluice, uniq_sigmund,
          uniq_jessica
D:6:      layout_loops_cross, trog_wizard

Skill      XL: |  1  2  3 |
---------------+----------+-----
Ranged Weapons | 3 4 |  4.8
Fighting       | 2 |  2.1
Dodging        | |  2.1
Spellcasting   | |  1.0
Hexes          | |  2.0

Action                     |  1- 3 |  4- 6 || total
---------------------------+-------+-------++-------
   Fire: Sling             |   128 |    31 ||   159
    Use: Scroll            |     4 |       ||     4
 Armour: Robe              |    18 |     5 ||    23
  Dodge: Dodged            |    33 |    10 ||    43

Table legend:
 A = Non-vault XP
 B = Vault XP
 C = Vault XP percentage of total XP
 D = Non-vault monster count
 E = Vault monster count
 F = Vault count percentage of total count
                 A         B        C        D         E       F
            +---------+---------+-------+---------+---------+-------
      Total |     121 |       5 |   4.0 |      52 |       3 |   5.5
            +---------+---------+-------+---------+---------+-------
        D:1 |      35 |       0 |   0.0 |      20 |       0 |   0.0
        D:2 |      49 |       5 |   9.3 |      22 |       3 |  12.0
        D:3 |      11 |       0 |   0.0 |       7 |       0 |   0.0
        D:6 |      26 |       0 |   0.0 |       3 |       0 |   0.0
            +---------+---------+-------+---------+---------+-------
